 Dungeon Crawl Stone Soup version 0.27.1-1-g398f81649c (webtiles) character file.

Game seed: 4342244216152439637

922 MisterFreud the Shield-Bearer (level 8, -5/67 HPs)
             Began as a Gnoll Fighter on Sept 7, 2021.
             Was a Priest of Lugonu.
             Slain by a shadow (7 damage)
             ... on level 9 of the Dungeon.
             The game lasted 00:05:16 (5927 turns).

MisterFreud the Shield-Bearer (Gnoll Fighter)       Turns: 5927, Time: 00:05:17

Health: -5/67      AC:  9    Str: 16    XL:     8   Next: 10%
Magic:  12/12      EV:  9    Int: 10    God:    Lugonu [***...]
Gold:   234        SH: 10    Dex: 11    Spells: 13/13 levels left

rFire    . . .     SeeInvis .   a - +0 rapier
rCold    . . .     Faith    .   c - +0 kite shield
rNeg     . . .     Spirit   .   b - +0 scale mail
rPois    .         Reflect  .   (no helmet)
rElec    .         Harm     .   r - +0 cloak
rCorr    .         Rampage  .   (no gloves)
Will     .....                  (no boots)
Stlth    +.........             (no amulet)
HPRegen  0.21/turn              (no ring)
MPRegen  0.13/turn              (no ring)

@: mighty
A: fangs 1, strong nose, distributed training
a: Renounce Religion, Depart the Abyss, Bend Space, Banish


You were on level 9 of the Dungeon.
You worshipped Lugonu.
Lugonu was most pleased with you.
You visited 1 branch of the dungeon, and saw 7 of its levels.

You collected 234 gold pieces.

Inventory:

Hand Weapons
 a - a +0 rapier (weapon)
Missiles
 k - 14 poisoned darts (quivered)
 p - 3 boomerangs
Armour
 b - a +0 scale mail (worn)
 c - a +0 kite shield (worn)
 r - a +0 cloak (worn)
Wands
 s - a wand of digging (2)
Scrolls
 e - a scroll of magic mapping {unknown}
 f - a scroll of fear {unknown}
 i - a scroll of summoning {unknown}
 j - 4 scrolls of identify {unknown}
 m - 2 scrolls of teleportation {unknown}
 o - a scroll of amnesia {unknown}
 q - a scroll of enchant armour {unknown}
 u - a scroll of brand weapon {unknown}
 w - a scroll of noise {unknown}
 x - 2 scrolls of fog {unknown}
 y - a scroll of vulnerability {unknown}
 A - a scroll of acquirement {unknown}
Potions
 d - 3 potions of might
 g - a potion of magic {unknown}
 h - a potion of lignification {unknown}
 l - a potion of brilliance {unknown}
 n - a potion of ambrosia {unknown}
 t - 2 potions of degeneration {unknown}
 v - a potion of haste {unknown}
 z - 3 potions of attraction {unknown}
 B - a potion of cancellation {unknown}
 C - a potion of berserk rage {unknown}
 D - a potion of flight {unknown}
 E - a potion of invisibility {unknown}


   Skills:
 + Level 7.2 Fighting
 + Level 5.5 Short Blades
 + Level 3.0 Long Blades
 + Level 3.0 Axes
 + Level 3.0 Maces & Flails
 + Level 3.0 Polearms
 + Level 3.0 Staves
 + Level 3.0 Slings
 + Level 3.0 Bows
 + Level 3.0 Crossbows
 + Level 3.0 Throwing
 + Level 7.2 Armour
 + Level 3.0 Dodging
 + Level 3.0 Stealth
 + Level 7.2 Shields
 + Level 3.0 Unarmed Combat
 + Level 3.0 Spellcasting
 + Level 2.4 Conjurations
 + Level 2.4 Hexes
 + Level 2.4 Summonings
 + Level 2.4 Necromancy
 + Level 2.4 Translocations
 + Level 2.4 Transmutations
 + Level 2.4 Fire Magic
 + Level 2.4 Ice Magic
 + Level 2.4 Air Magic
 + Level 2.4 Earth Magic
 + Level 2.4 Poison Magic
 + Level 3.2 Invocations
 + Level 3.0 Evocations


You had 13 spell levels left.
You didn't know any spells.
Your spell library contained the following spells:

 Spells                   Type           Power      Damage    Failure   Level
 Beastly Appendage        Tmut           12%        N/A       65%         1
 Freeze                   Ice            24%        1d5       65%         1
 Sting                    Tmut/Pois      24%        1d4       65%         1
 Poisonous Vapours        Pois/Air       12%        N/A       80%         2
 Wereblood                Tmut           6%         N/A       80%         2
 Dazzling Flash           Conj/Hex       12%        N/A       95%         3
 Frozen Ramparts          Ice            12%        1d3       95%         3
 Spider Form              Tmut/Pois      3%         N/A       95%         3
 Hailstorm                Conj/Ice       6%         3d4       100%        4
 Iskenderun's Mystic Bla  Conj/Tloc      6%         2d4       100%        4
 Olgreb's Toxic Radiance  Pois           6%         N/A       100%        4
 Starburst                Conj/Fire      3%         6d3       100%        6


Dungeon Overview and Level Annotations

Branches:
Dungeon (6/15)
 Temple: D:4-7

Altars:
Qazlal
Lugonu

Shops:
D:6 =


Innate Abilities, Weirdness & Mutations

You have very sharp teeth.
Your uncanny sense of smell can sniff out nearby items.
Your experience applies equally to all skills.


Message History

You hit something but do no damage. You bite something.
The shadow strikes at you from the darkness!
Reactivating autopickup.
You barely miss the shadow.
The shadow is moderately damaged.
You block the shadow's attack.
You hit the shadow but do no damage.
The shadow is moderately damaged.
The shadow closely misses you.
You barely miss the shadow.
The shadow is moderately damaged.
The shadow hits you!
You hit the shadow but do no damage.
The shadow is moderately damaged.
The shadow slips into darkness.
The shadow flickers and vanishes!
Deactivating autopickup; reactivate with Ctrl-A.
You hit something but do no damage.
The shadow strikes at you from the darkness!
Reactivating autopickup.
You barely miss the shadow.
The shadow is moderately damaged.
The shadow hits you.
Unknown command.
You feel very mighty all of a sudden. The shadow hits you.
You closely miss the shadow. Your bite misses the shadow.
The shadow is moderately damaged.
The shadow hits you.
* * * LOW HITPOINT WARNING * * *
The shadow hits you!
* * * LOW HITPOINT WARNING * * *
You hit the shadow.
The shadow is heavily damaged.
The shadow hits you.
* * * LOW HITPOINT WARNING * * *
You puncture the shadow!
The shadow is almost destroyed.
The shadow hits you!
You die...

#.......#
#.......#
#.......#
#.......# ###
#..>....+ ...
#.......###.#####
#................
#########.#.#####
#(..@W....# W.
#.######### .# #


You could see a shadow.

Vanquished Creatures
  2 centaurs (D:6)
  2 phantoms
  A howler monkey (D:4)
  A centaur zombie (D:5)
  A jelly (D:5)
  A hound (D:5)
  2 orc priests (D:4)
  3 iguanas (D:5)
  An orc wizard (D:5)
  A scorpion zombie (D:5)
  A hound skeleton (D:4)
  Robin (D:2)
  9 adders
  4 gnolls (D:4)
  2 adder skeletons (D:4)
  A worm (D:2)
  6 orcs
  4 bats
  10 endoplasms
  5 giant cockroaches
  13 goblins
  14 hobgoblins
  8 jackals
  6 kobolds
  6 quokkas
  6 ball pythons
  4 frilled lizards
  8 rats
123 creatures vanquished.

Vanquished Creatures (others)
  A centaur zombie (D:6)
1 creature vanquished.

Grand Total: 124 creatures vanquished

Notes
Turn   | Place    | Note
-------+----------+-------------------------------------------
     0 | D:1      | MisterFreud the Gnoll Fighter began the quest for the Orb.
     0 | D:1      | Reached XP level 1. HP: 23/23 MP: 1/1
   160 | D:1      | Reached XP level 2. HP: 29/29 MP: 2/2
   284 | D:1      | Reached XP level 3. HP: 35/35 MP: 3/3
   763 | D:1      | Reached skill level 1 in Invocations
   883 | D:2      | Noticed Robin
   898 | D:2      | Killed Robin
   899 | D:2      | Reached skill level 1 in Long Blades
   899 | D:2      | Reached skill level 1 in Axes
   899 | D:2      | Reached skill level 1 in Maces & Flails
   899 | D:2      | Reached skill level 1 in Polearms
   899 | D:2      | Reached skill level 1 in Staves
   899 | D:2      | Reached skill level 1 in Slings
   899 | D:2      | Reached skill level 1 in Bows
   899 | D:2      | Reached skill level 1 in Crossbows
   899 | D:2      | Reached skill level 1 in Throwing
   899 | D:2      | Reached skill level 1 in Dodging
   899 | D:2      | Reached skill level 1 in Stealth
   899 | D:2      | Reached skill level 1 in Unarmed Combat
   899 | D:2      | Reached skill level 1 in Spellcasting
   899 | D:2      | Reached skill level 1 in Evocations
   936 | D:2      | Reached XP level 4. HP: 41/41 MP: 5/5
  1011 | D:2      | Found a faded altar of an unknown god.
  1041 | D:2      | Became a worshipper of Lugonu the Unformed
  1041 | D:2      | Reached * piety under Lugonu
  1041 | D:2      | Reached ** piety under Lugonu
  1081 | D:2      | Reached skill level 1 in Conjurations
  1081 | D:2      | Reached skill level 1 in Hexes
  1081 | D:2      | Reached skill level 1 in Summonings
  1081 | D:2      | Reached skill level 1 in Necromancy
  1081 | D:2      | Reached skill level 1 in Translocations
  1081 | D:2      | Reached skill level 1 in Transmutations
  1081 | D:2      | Reached skill level 1 in Fire Magic
  1081 | D:2      | Reached skill level 1 in Ice Magic
  1081 | D:2      | Reached skill level 1 in Air Magic
  1081 | D:2      | Reached skill level 1 in Earth Magic
  1081 | D:2      | Reached skill level 1 in Poison Magic
  1454 | D:2      | Reached XP level 5. HP: 41/47 MP: 6/6
  2091 | D:3      | Found a stormy altar of Qazlal.
  2278 | D:3      | Reached *** piety under Lugonu
  3074 | D:4      | Noticed a phantom
  3084 | D:4      | Killed a phantom
  3085 | D:4      | Reached XP level 6. HP: 39/53 MP: 8/8
  3240 | D:4      | Reached skill level 5 in Short Blades
  4070 | D:5      | Entered Level 5 of the Dungeon
  4083 | D:5      | Reached XP level 7. HP: 46/59 MP: 10/10
  4686 | D:5      | Identified the +1 ring mail of the Hidden Vale {rElec rPois
                  | Str-5 Stlth+}
  5151 | D:6      | Found Ceavid's Jewellery Emporium.
  5163 | D:6      | HP: 3/60 [centaur/arrow (7)]
  5676 | D:6      | Reached XP level 8. HP: 26/67 MP: 12/12
  5885 | D:6      | You fall into a shaft and drop 3 floors!
  5887 | D:9      | Noticed a shadow
  5926 | D:9      | HP: 2/67 [shadow (6)]
  5927 | D:9      | Slain by a shadow

Illustrated notes

Levels and vault maps discovered:
D:1:      roderic_octagonal_star, layout_loops_ring
D:2:      minmay_spotlight, layout_basic,
          hellmonk_ecumenical_altar_leap_of_faith, uniq_robin
D:3:      layout_basic, grunt_qazlal_clouds, chequers_serial_rivers_room_b
D:4:      layout_basic
D:5:      layout_loops_ring
D:6:      layout_rooms, temple_pool_b, serial_shops, shop, uniq_sigmund,
          uniq_menkaure
D:9:      layout_basic, fedhas_altar_fruit_tree

Skill      XL: |  1  2  3  4  5  6  7  8 |
---------------+-------------------------+-----
Invocations    | 1 2 3 |  3.2
Long Blades    | 1 2 3 |  3.0
Axes           | 1 2 3 |  3.0
Maces & Flails | 1 2 3 |  3.0
Polearms       | 1 2 3 |  3.0
Staves         | 1 2 3 |  3.0
Slings         | 1 2 3 |  3.0
Bows           | 1 2 3 |  3.0
Crossbows      | 1 2 3 |  3.0
Throwing       | 1 2 3 |  3.0
Dodging        | 1 2 3 |  3.0
Stealth        | 1 2 3 |  3.0
Unarmed Combat | 1 2 3 |  3.0
Spellcasting   | 1 2 3 |  3.0
Evocations     | 1 2 3 |  3.0
Conjurations   | 1 2 |  2.4
Hexes          | 1 2 |  2.4
Summonings     | 1 2 |  2.4
Necromancy     | 1 2 |  2.4
Translocations | 1 2 |  2.4
Transmutations | 1 2 |  2.4
Fire Magic     | 1 2 |  2.4
Ice Magic      | 1 2 |  2.4
Air Magic      | 1 2 |  2.4
Earth Magic    | 1 2 |  2.4
Poison Magic   | 1 2 |  2.4
Short Blades   | 5 |  5.5
Fighting       | 7 |  7.2
Armour         | 7 |  7.2
Shields        | 7 |  7.2

Action                   |  1- 3 |  4- 6 |  7- 9 || total
-------------------------+-------+-------+-------++-------
Melee: Rapier            |    93 |   281 |   154 ||   528
       Bite              |    12 |    31 |    24 ||    67
  Use: Potion            |       |       |     1 ||     1
Armor: Scale mail        |    29 |    97 |    75 ||   201
Dodge: Dodged            |    17 |    73 |    52 ||   142
Block: Kite shield       |    46 |   142 |   104 ||   292
